 Dungeon Crawl Stone Soup version 0.29.1-13-g9f3cf754e1 (webtiles) character file.

Game seed: 12708600925319705723

532 nightchill the Zephyrmancer (level 7, -1/37 HPs)
             Began as a Tengu Air Elementalist on Feb 7, 2023.
             Slain by Duvessa
             ... wielding a +0 short sword
              (12 damage)
             ... on level 4 of the Dungeon.
             The game lasted 00:13:49 (3869 turns).

nightchill the Zephyrmancer (TeAE)                  Turns: 3869, Time: 00:13:49

Health: -1/37      AC:  2    Str:  9    XL:     7   Next: 24%
Magic:  1/13       EV: 18    Int: 23    God:
Gold:   235        SH:  0    Dex: 14    Spells: 6/13 levels left

rFire   . . .      SeeInvis .   i - +3 dagger (venom)
rCold   . . .      Faith    .   (no shield)
rNeg    . . .      Spirit   .   a - +0 robe
rPois   .          Reflect  .   (helmet restricted)
rElec   .          Harm     .   (no cloak)
rCorr   .          Rampage  .   (no gloves)
Will    .....                   (boots unavailable)
Stlth   +++.......              (no amulet)
HPRegen 0.12/turn               l - +6 ring of intelligence
MPRegen 0.13/turn               x - +4 ring of evasion

@: flying quickly and evasively, very slightly contaminated, quick
A: beak, talons 3, nimble flight
a: no special abilities


You were on level 4 of the Dungeon.
You visited 1 branch of the dungeon, and saw 4 of its levels.

You collected 235 gold pieces.

Inventory:

Hand Weapons
 c - a +0 whip
 d - a +0 dagger
 i - a +3 dagger of venom (weapon)
Missiles
 y - 4 poisoned darts
Armour
 a - a +0 robe (worn)
Magical Staves
 j - a staff of fire
Jewellery
 l - a +6 ring of intelligence (left hand)
 x - a +4 ring of evasion (right hand)
Wands
 t - a wand of mindburst (14)
 w - a wand of iceblast (10)
Scrolls
 h - 2 scrolls of enchant weapon
 m - a scroll of identify {unknown}
 n - 2 scrolls of teleportation {unknown}
 o - a scroll of poison {unknown}
 p - 2 scrolls of enchant armour {unknown}
 r - a scroll of vulnerability {unknown}
 s - a scroll of immolation {unknown}
 u - a scroll of torment {unknown}
 z - a scroll of brand weapon {unknown}
Potions
 b - a potion of magic
 e - a potion of haste {unknown}
 f - 5 potions of curing {unknown}
 g - a potion of lignification {unknown}
 k - 2 potions of degeneration {unknown}
 q - a potion of brilliance {unknown}
 v - a potion of resistance {unknown}


   Skills:
 + Level 0.5 Fighting
 - Level 2.1 Dodging
 - Level 4.0 Stealth
 + Level 3.8 Spellcasting
 - Level 1.3 Conjurations
 * Level 8.3 Air Magic


You had 6 spell levels left.
You knew the following spells:

 Your Spells              Type           Power      Damage    Failure   Level
a - Shock                 Conj/Air       100%       1d9       1%          1
b - Static Discharge      Conj/Air       26%        3-7/arc   2%          2
c - Airstrike             Air            21%        2d(3-19)  3%          4

Your spell library contained the following spells:

 Spells                   Type           Power      Damage    Failure   Level
 Swiftness                Air            42%        N/A       1%          3


Dungeon Overview and Level Annotations

Branches:
Dungeon (4/15)
 Temple: D:4-7

Altars:

Annotations:
D:1 exclusion: downstairs
D:4 Duvessa


Innate Abilities, Weirdness & Mutations

You have a beak for a mouth.
You have claws for feet.
Your magical nature lets you fly swiftly and evasively.


Message History

You are struck by an arc of lightning.
Duvessa is struck by an arc of lightning.
Duvessa is heavily wounded.
The lightning grounds out.
Duvessa hits you with a +0 short sword!
Casting: Static Discharge (safe; 2% risk of failure)
Confirm with . or Enter, or press ? or * to list all spells.
Duvessa is struck by an arc of lightning.
Duvessa is heavily wounded.
You are struck by an arc of lightning.
Duvessa is struck by an arc of lightning.
Duvessa is severely wounded.
You are struck by an arc of lightning.
The lightning grounds out.
Duvessa misses you. Duvessa hits you with a +0 short sword.
* * * LOW HITPOINT WARNING * * *
An endoplasm comes into view.
Casting: Static Discharge (safe; 2% risk of failure)
Confirm with . or Enter, or press ? or * to list all spells.
Aiming: Airstrike (dangerous; 3% risk of failure)
Press: ? - help, Dir - move target, f - Duvessa
Aim: Duvessa, wielding a +0 short sword and wearing a +0 leather armour (severely wounded, berserk, empty space bonus: 1/8)
The air twists around and strikes Duvessa.
Duvessa is severely wounded.
Duvessa hits you with a +0 short sword.
* * * LOW HITPOINT WARNING * * *
Duvessa misses you.
Casting: Airstrike (dangerous; 3% risk of failure)
Confirm with . or Enter, or press ? or * to list all spells.
Duvessa is struck by an arc of lightning!
Duvessa is almost dead.
You are struck by an arc of lightning.
* * * LOW HITPOINT WARNING * * *
Duvessa is struck by an arc of lightning.
Duvessa is almost dead.
The lightning grounds out.
Duvessa completely misses you.
Casting: Static Discharge (safe; 2% risk of failure)
Confirm with . or Enter, or press ? or * to list all spells.
You miscast Static Discharge.
You are very lightly contaminated with residual magic.
Nothing appears to happen.
Duvessa hits you with a +0 short sword!
You die...

#########
##..#....#
##....#####
###.##.##
##..###.##
####..## #..#
.....## ##.###
....##
#...##########
....#
#.....@e.J..$#
....###
#########......
##....### #....
##.....# ...
###...# # #...#
##...# #...<#
#.......#


You could see Duvessa (berserk) and an endoplasm.

Vanquished Creatures
  Sigmund (D:4)
  A black bear (D:4)
  Dowan (D:4)
  An orc priest (D:4)
  An orc wizard (D:3)
  7 adders
  4 gnolls (D:4)
  2 ufetubi (D:4)
  2 dart slugs
  3 orcs
  6 bats
  6 endoplasms
  4 giant cockroaches
  6 goblins
  3 hobgoblins
  10 jackals
  4 kobolds
  A quokka (D:2)
  6 ball pythons
  A frilled lizard (D:1)
  4 rats
74 creatures vanquished.

Vanquished Creatures (others)
  A plant (D:3)
1 creature vanquished.

Grand Total: 75 creatures vanquished

Notes
Turn   | Place    | Note
-------+----------+-------------------------------------------
     0 | D:1      | nightchill the Tengu Air Elementalist began the quest for
                  | the Orb.
     0 | D:1      | Reached XP level 1. HP: 10/10 MP: 4/4
   212 | D:1      | Reached XP level 2. HP: 13/15 MP: 1/6
   283 | D:1      | Learned a level 2 spell: Static Discharge
   599 | D:1      | Reached XP level 3. HP: 18/19 MP: 4/7
  1194 | D:1      | Reached skill level 5 in Air Magic
  1475 | D:2      | Reached XP level 4. HP: 24/24 MP: 4/8
  1749 | D:2      | Learned a level 4 spell: Airstrike
  2231 | D:3      | Gained mutation: Your magical nature lets you fly swiftly
                  | and evasively. [Tengu growth]
  2231 | D:3      | Reached XP level 5. HP: 21/28 MP: 1/10
  2449 | D:3      | Reached skill level 6 in Air Magic
  2671 | D:3      | Found a faded altar of an unknown god.
  3410 | D:4      | Noticed a black bear
  3413 | D:4      | Killed a black bear
  3414 | D:4      | Reached skill level 7 in Air Magic
  3414 | D:4      | Reached XP level 6. HP: 32/32 MP: 2/12
  3524 | D:4      | Noticed Sigmund
  3605 | D:4      | Killed Sigmund
  3606 | D:4      | Reached skill level 8 in Air Magic
  3606 | D:4      | Reached XP level 7. HP: 30/36 MP: 4/13
  3700 | D:4      | Noticed Dowan
  3702 | D:4      | Killed Dowan
  3720 | D:4      | Noticed Duvessa
  3869 | D:4      | Slain by Duvessa

Illustrated notes

Levels and vault maps discovered:
D:1:      psy_arrival_fountain, layout_loops_ring, serial_forest,
          infiniplex_forest_clump_medium, infiniplex_forest_split,
          infiniplex_forest_straight_4, infiniplex_forest_clump_long,
          infiniplex_forest_lined_ring, minmay_bisected
D:2:      layout_rooms, serial_glass, glass_columns_b, glass_columns_a
D:3:      layout_basic, shapermc_ecumenical_altar_acropolis,
          chequers_serial_rivers_micro_a
D:4:      layout_layer_cave, uniq_duvessa, uniq_sigmund, uniq_crazy_yiuf_cottage

Skill      XL: |  1  2  3  4  5  6 |
---------------+-------------------+-----
Air Magic      | 5 7 8 |  8.3
Stealth        | 3 4 |  4.0
Spellcasting   | 3 |  3.8
Fighting       | |  0.5
Dodging        | |  2.1
Conjurations   | |  1.3

Action                   |  1- 3 |  4- 6 |  7- 9 || total
-------------------------+-------+-------+-------++-------
Melee: Dagger            |    36 |    25 |       ||    61
       Kick              |     5 |     1 |       ||     6
       Peck              |     4 |     2 |       ||     6
 Cast: Shock             |    27 |    33 |     4 ||    64
       Static Discharge  |     1 |     3 |     3 ||     7
       Airstrike         |       |     8 |     4 ||    12
  Use: Scroll            |       |     1 |       ||     1
 Stab: Sleeping          |     4 |     3 |       ||     7
Armor: Robe              |     9 |     3 |       ||    12
Dodge: Dodged            |    33 |    16 |     3 ||    52
